 Dungeon Crawl Stone Soup version 0.26-a0-852-g6321bf7485 (webtiles) character file.

Game seed: 11114977746857821673

19245 dolemite99 the Grappler (level 12, -1/115 HPs)
             Began as a Troll Chaos Knight on Nov 22, 2020.
             Was a Plaything of Xom.
             Slain by a six-headed hydra (9 damage)
             ... summoned by Xom
             ... on level 1 of the Lair of Beasts.
             The game lasted 00:27:23 (16511 turns).

dolemite99 the Grappler (Troll Chaos Knight)       Turns: 16511, Time: 00:27:23

Health: -1/115     AC: 15    Str: 29    XL:     12   Next: 34%
Magic:  11/11      EV: 10    Int:  6    God:    Xom [...*..]
Gold:   388        SH: 13    Dex:  9    Spells: 3/11 levels left

rFire    . . .     SeeInvis .     - Unarmed
rCold    . . .     Faith    +   e - +1 kite shield {AC+3}
rNeg     . . .     Spirit   .   V - +0 troll leather armour
rPois    .         Reflect  .   D - +1 hat
rElec    .         Harm     .   v - +2 cloak
rCorr    .         Rampage  .   (gloves unavailable)
MR       +....                  (boots unavailable)
Stlth    +.........             h - amulet of faith
HPRegen  1.09/turn              G - ring of protection from magic
MPRegen  0.12/turn              F - +6 ring of strength

@: brilliant, about to teleport, hasted, very quick
A: large, unfitting armour, claws 3, dopey 1, regeneration 1, shaggy fur 1,
tough skin 3, weak 2
a: Renounce Religion


You were on level 1 of the Lair of Beasts.
You worshipped Xom.
You were a favourite toy of Xom.
You visited 2 branches of the dungeon, and saw 13 of its levels.
You also visited: Sewer.

You collected 798 gold pieces.
You spent 410 gold pieces at shops.

Inventory:

Hand Weapons
 a - the +0 hand crossbow of the King {chaos, MR+ Dex+3}
   (Xom gifted it to you on level 9 of the Dungeon)

   Each projectile launched from it has a different, random effect.
   It affects your dexterity (+3).
   It affects your resistance to hostile enchantments.
Missiles
 l - 474 stones
 n - 214 arrows
 o - 48 bolts
 s - 14 javelins
 t - 114 sling bullets
 R - 15 boomerangs
 S - 29 poisoned darts (quivered)
Armour
 e - a +1 kite shield of protection (worn)
 k - a +0 kite shield
 v - a +2 cloak (worn)
 D - a +1 hat (worn)
 J - a scarf of invisibility
 O - a +2 robe
 V - a +0 troll leather armour (worn)
Magical Staves
 m - an uncursed staff of conjuration {unknown}
 P - a cursed staff of air
Jewellery
 d - the ring "Xenivvu" {+Inv rElec AC+4}
   (You acquired it on level 1 of the Lair of Beasts)

   [ring of protection]

   It affects your AC (+4).
   It insulates you from electricity.
   It lets you turn invisible.
 h - an amulet of faith (around neck)
 r - an uncursed amulet of the acrobat
 u - the amulet of the Queen {Spirit Int+3 Dex+2}
   (Xom gifted it to you on level 3 of the Dungeon)

   [amulet of guardian spirit]

   It causes incoming damage to be split between your health and magic.
   It affects your intelligence (+3).
   It affects your dexterity (+2).
 z - an uncursed ring of stealth
 E - an uncursed ring of protection from fire
 F - a +6 ring of strength (right claw)
 G - a ring of protection from magic (left claw)
Wands
 i - a wand of paralysis (12)
 B - a wand of enslavement (3)
 C - a wand of polymorph (24)
 K - a wand of flame (51)
 M - a wand of iceblast (10)
 T - a wand of random effects (11)
Scrolls
 b - a scroll of enchant weapon
 c - 9 scrolls of teleportation
 p - 4 scrolls of remove curse {@r2}
 x - 3 scrolls of torment
 I - 5 scrolls of magic mapping
 N - 5 scrolls of fog
 U - 4 scrolls of identify {@r1}
Potions
 f - 3 potions of mutation
 g - 2 potions of cancellation
 j - 3 potions of flight
 w - a potion of brilliance
 H - a potion of resistance {unknown}
 L - 2 potions of ambrosia {unknown}
Miscellaneous
 Q - a phantom mirror (inert)


   Skills:
 - Level 6.8 Fighting
 - Level 2.9 Crossbows
 - Level 3.7 Dodging
 - Level 9.6 Shields
 - Level 12.5 Unarmed Combat
 + Level 3.6 Necromancy
 - Level 3.8 Evocations


You had 3 spell levels left.
You knew the following spells:

 Your Spells              Type           Power        Failure   Level
a - Animate Skeleton      Necr           #.....       12%         1
b - Apportation           Tloc           #.....       50%         1
c - Corona                Hex            #......      50%         1
d - Passwall              Tmut/Erth      #.......     63%         2
e - Dazzling Flash        Conj/Hex       #.....       86%         3

Your spell library contained the following spells:

 Spells                   Type           Power        Failure   Level
 Pain                     Necr           #...         12%         1
 Foxfire                  Conj/Fire      #...         50%         1
 Summon Small Mammal      Summ           #...         50%         1
 Ensorcelled Hibernation  Hex/Ice        #.....       63%         2
 Confusing Touch          Hex            #.......     86%         3
 Conjure Flame            Conj/Fire      #.......     86%         3
 Inner Flame              Hex/Fire       #.......     86%         3
 Tukima's Dance           Hex            #.......     86%         3
 Animate Dead             Necr           #.........   77%         4
 Olgreb's Toxic Radiance  Pois           #.......     99%         4
 Petrify                  Tmut/Erth      #.......     99%         4
 Sticky Flame             Conj/Fire      #.......     99%         4
 Fireball                 Conj/Fire      #.........   100%        5
 Eringya's Noxious Bog    Tmut/Pois      #.........   100%        6
 Simulacrum               Ice/Necr       #.........   100%        6


Dungeon Overview and Level Annotations

Branches:
Dungeon (12/15)            Temple (0/1) D:6            Lair (1/6) D:9
    Orc (0/2) D:10          Sewer (visited)

Altars:
Ashenzari
Cheibriados
Elyvilon
Gozag
Hepliaklqana
Nemelex Xobeh
Wu Jian
Xom
Yredelemnul
Zin

Shops:
D:4 *   D:6 [   D:7 ?

Annotations:
D:7 1 runed translucent door
D:9 1 runed translucent door, Maimakterion's ghost, journeyman VSNe


Innate Abilities, Weirdness & Mutations

You are too large for most types of armour.
You have claws for hands.
Your natural rate of healing is unusually fast.
You are covered in fur. (AC +1)
You have extremely tough skin. (AC +3)
You are dopey. (Int -2)
You are very weak. (Str -4)


Message History

The cane toad closely misses you.
The komodo dragon bites you but does no damage.
The six-headed hydra bites you.
* * * LOW HITPOINT WARNING * * *
You block the six-headed hydra's attack.
The six-headed hydra bites you.
* * * LOW HITPOINT WARNING * * *
The six-headed hydra barely misses you. The six-headed hydra bites you!
* * * LOW HITPOINT WARNING * * *
The six-headed hydra bites you.
* * * LOW HITPOINT WARNING * * *
Okay, then.
It was a potion of brilliance.
You feel clever all of a sudden.
You are engulfed in seething chaos.
You feel yourself speed up. You block the cane toad's attack.
The cane toad stings you.
* * * LOW HITPOINT WARNING * * *
You block the komodo dragon's attack. The six-headed hydra bites you!
You die...
Xom thinks this is hilarious!

######## # ##......# #
#......## # #.......#
# #.§.....# #
#FF.....# # #@lY....#
# ##DF...## ########
##FF...####....##.
...F...............
...................
§..................
....................
.....................
.(....(...............


You could see a six-headed hydra (summoned), a komodo dragon, 2 cane toads, 4
blink frogs and an ice beast.

Vanquished Creatures
  3 hydras
  Erolcha (D:11)
  2 tengu warriors
  2 wizards (D:11)
  A cyclops (D:11)
  A deep elf mage (D:11)
  A manticore (D:12)
  A black mamba (Lair:1)
  A cane toad (Lair:1)
  A rime drake (Lair:1)
  A komodo dragon (D:12)
  3 trolls
  A hornet (D:9)
  Grinder (D:5)
  Prince Ribbit (D:6)
  3 shadows (D:12)
  3 wyverns
  A wraith (D:10)
  12 yaks (Lair:1)
  A human (D:9)
  4 wargs (D:9)
  Duvessa (D:6)
  2 water moccasins (Lair:1)
  An acid dragon (D:11)
  Purgy (D:3)
  5 black bears
  2 ice beasts
  2 orc warriors
  3 sky beasts
  7 ogres
  2 eyes of draining
  5 centaurs
  8 wolves
  4 lemures (D:4)
  2 big kobolds
  8 bullfrogs
  Dowan (D:6)
  3 wyvern skeletons
  2 scorpions
  6 killer bees (D:11)
  5 wights (D:7)
  2 howler monkeys (D:4)
  2 centaur zombies
  4 jellies
  6 hounds
  14 orc wizards
  A centaur skeleton (D:8)
  A gnoll shaman (D:5)
  5 orc priests
  Crazy Yiuf (D:3)
  Jessica (D:2)
  Natasha (twice) (D:3)
  3 bullfrog skeletons
  8 iguanas
  9 worker ants
  A hound skeleton (D:9)
  A worker ant zombie (D:8)
  A howler monkey zombie (D:6)
  6 gnolls (D:4)
  16 adders
  2 howler monkey skeletons
  A shadow imp (D:6)
  3 white imps
  3 ufetubi
  2 oozes
  An adder skeleton (D:5)
  A worm (D:2)
  A dart slug (D:1)
  8 leopard geckos
  37 orcs
  7 giant cockroaches
  8 hobgoblins
  14 jackals
  15 kobolds
  2 quokkas
  4 ball pythons
  5 bats
  6 frilled lizards
  10 goblins
  A jackal skeleton (D:4)
  A leopard gecko skeleton (D:9)
  A quokka zombie (D:5)
  10 rats
342 creatures vanquished.

Vanquished Creatures (collateral kills)
  Pikel (D:4)
  Grum (D:9)
  A quokka (D:11)
3 creatures vanquished.

Vanquished Creatures (others)
  A worker ant (D:12)
  A fungus (Lair:1)
  2 plants (Lair:1)
4 creatures vanquished.

Grand Total: 349 creatures vanquished

Notes
Turn   | Place    | Note
-------+----------+-------------------------------------------
     0 | D:1      | dolemite99 the Troll Chaos Knight began the quest for the
                  | Orb.
     0 | D:1      | Reached XP level 1. HP: 22/22 MP: 0/0
    20 | D:1      | XOM: divination: detect items
    90 | D:1      | XOM: potion effect (might)
   155 | D:1      | XOM: silly message
   243 | D:1      | Reached XP level 2. HP: 29/29 MP: 1/1
   705 | D:2      | Reached XP level 3. HP: 29/36 MP: 2/2
   732 | D:2      | Found a faded altar of an unknown god.
   789 | D:2      | Noticed Jessica
   811 | D:2      | Killed Jessica
   812 | D:2      | Reached XP level 4. HP: 34/45 MP: 3/3
  1126 | D:2      | Reached skill level 4 in Unarmed Combat
  1129 | D:2      | XOM: god gift: 12 stones
  1291 | D:2      | XOM: summons 1 hostile demon
  1412 | D:2      | XOM: blink monster(s)
  1469 | D:2      | XOM is BORED!
  1469 | D:2      | XOM: summons 3 hostile demons
  1742 | D:2      | Noticed Natasha
  1777 | D:2      | XOM: potion effect (heal wounds)
  1788 | D:3      | XOM: potion effect (curing)
  1792 | D:3      | Killed Natasha
  1793 | D:3      | Reached XP level 5. HP: 31/53 MP: 4/4
  2386 | D:3      | Noticed Purgy
  2399 | D:3      | Killed Purgy
  2414 | D:3      | Reached XP level 6. HP: 62/62 MP: 5/5
  2503 | D:3      | XOM: god gift: flickering ruby amulet {god gift}
  2504 | D:3      | Got a flickering ruby amulet {god gift}
  2527 | D:3      | Identified the amulet of the Queen {Spirit Int+3 Dex+2}
                  | (Xom gifted it to you on level 3 of the Dungeon)
  2567 | D:3      | XOM: 8-stop teleportation journey
  2570 | D:3      | Found a sparkling altar of Nemelex Xobeh.
  2927 | D:3      | Noticed Natasha
  2933 | D:3      | Killed Natasha
  2996 | D:3      | XOM: noise
  3034 | D:3      | XOM: give mutations
  3034 | D:3      | Gained mutation: You have an increased reservoir of magic.
                  | (+10% MP) [Xom's grace]
  3034 | D:3      | Gained mutation: Your mind is acute. (Int +2) [Xom's grace]
  3034 | D:3      | Gained mutation: You are agile. (Dex +2) [Xom's grace]
  3055 | D:3      | Found a runed translucent door.
  3056 | D:3      | Noticed Crazy Yiuf
  3066 | D:3      | Killed Crazy Yiuf
  3079 | D:3      | XOM: summons 1 hostile shadow creature
  3146 | D:4      | Found Voky's General Store.
  3146 | D:4      | XOM: 2-stop teleportation journey
  3169 | D:4      | Bought a wand of paralysis (9) for 132 gold pieces
  3178 | D:4      | XOM: 1-stop teleportation journey
  3237 | D:4      | XOM: silly message
  3249 | D:4      | Reached skill level 1 in Evocations
  3267 | D:4      | Found an opulent altar of Gozag.
  3311 | D:4      | Reached XP level 7. HP: 64/70 MP: 6/6
  3442 | D:4      | XOM: enchant monster (good)
  3461 | D:4      | Noticed Pikel
  3490 | D:4      | Found a glowing drain.
  3503 | Sewer    | XOM: noise
  3503 | Sewer    | Entered a sewer
  3577 | Sewer    | XOM: smoke on damage
  3885 | Sewer    | XOM: cloud trail
  4031 | D:4      | XOM: snakes to sticks
  4119 | D:4      | Reached skill level 5 in Unarmed Combat
  4131 | D:4      | XOM: noise
  4135 | D:4      | XOM: god gift: 21 gold pieces
  4154 | D:4      | XOM: summons friendly white imp
  4155 | D:4      | XOM: swap monsters
  4249 | D:4      | XOM: destruction
  4258 | D:4      | XOM: enchant monster (good)
  4259 | D:4      | Killed Pikel
  4260 | D:4      | Reached skill level 6 in Unarmed Combat
  4260 | D:4      | Reached XP level 8. HP: 78/78 MP: 7/7
  4310 | D:4      | XOM: polymorph white imp -> crimson imp
  4474 | D:4      | Found a basalt altar of Yredelemnul.
  4820 | D:5      | Entered Level 5 of the Dungeon
  4911 | D:5      | Reached skill level 7 in Unarmed Combat
  5027 | D:5      | XOM: 4-stop teleportation journey
  5028 | D:5      | Noticed Grinder
  5033 | D:5      | XOM: confusion (+ monsters)
  5044 | D:5      | XOM: swap monsters
  5054 | D:5      | Killed Grinder
  5122 | D:5      | Found a hazy altar of Hepliaklqana.
  5280 | D:5      | XOM: silly message
  5425 | D:5      | XOM is BORED!
  5457 | D:5      | Reached skill level 8 in Unarmed Combat
  5507 | D:5      | XOM: silly message
  5852 | D:6      | Noticed Duvessa
  5855 | D:6      | Noticed Dowan
  5868 | D:6      | Killed Duvessa
  5877 | D:6      | Killed Dowan
  5898 | D:6      | Reached skill level 9 in Unarmed Combat
  5910 | D:6      | Found a snail-covered altar of Cheibriados.
  6043 | D:6      | Found a staircase to the Ecumenical Temple.
  6051 | D:6      | Reached XP level 9. HP: 81/84 MP: 8/8
  6068 | D:6      | XOM: enchant monster (bad)
  6192 | D:6      | Noticed Prince Ribbit
  6208 | D:6      | XOM: divination: detect items
  6256 | D:6      | XOM: noise
  6260 | D:6      | Reached skill level 10 in Unarmed Combat
  6286 | D:6      | XOM: draining
  6292 | D:6      | Killed Prince Ribbit
  6335 | D:6      | Found Koyzxa Puv's Antique Armour Emporium.
  6445 | D:6      | Found a broken altar of Ashenzari.
  6474 | D:6      | Found a glowing silver altar of Zin.
  6529 | D:7      | Reached skill level 11 in Unarmed Combat
  6540 | D:7      | XOM: silly message
  6658 | D:7      | Found an ornate altar of the Wu Jian Council.
  6712 | D:7      | XOM: enchant monster (bad)
  6729 | D:7      | Found a runed translucent door.
  6729 | D:7      | Noticed a sixfirhy
  6929 | D:7      | Found Nypnelapn's Magic Scroll Emporium.
  7001 | D:7      | XOM: god gift: 7 javelins
  7108 | D:6      | Bought a runed scarf for 200 gold pieces
  7442 | D:7      | XOM: cloud trail
  7687 | D:7      | XOM: silly message
  7731 | D:7      | XOM: smoke on damage
  7853 | D:7      | Found a shimmering altar of Xom.
  7855 | D:7      | Found a shimmering altar of Xom.
  7882 | D:7      | Found a shimmering altar of Xom.
  7908 | D:7      | Bought 2 scrolls of identify for 52 gold pieces
  7908 | D:7      | Bought a scroll of identify for 26 gold pieces
  8355 | D:8      | Reached skill level 12 in Unarmed Combat
  8582 | D:8      | XOM: 8-stop teleportation journey
  8852 | D:8      | Reached XP level 10. HP: 89/92 MP: 10/10
  8987 | D:8      | Noticed Maurice
  8989 | D:8      | XOM: chaos cloud
  8990 | D:8      | Paralysed by Maurice for 4 turns
  8993 | D:8      | Noticed Maurice
  8993 | D:8      | Maurice changed into Maurice the hound
  8993 | D:8      | XOM: polymorph Maurice -> Maurice the hound
  9017 | D:8      | Killed Maurice the hound
  9308 | D:8      | XOM: 7-stop teleportation journey
  9407 | D:8      | XOM: silly message
  9460 | D:8      | XOM: silly message
  9619 | D:9      | Reached skill level 1 in Shields
  9666 | D:9      | Found a runed translucent door.
  9675 | D:9      | Found a shimmering altar of Xom.
  9675 | D:9      | Noticed Maimakterion's ghost (journeyman VSNe)
  9805 | D:9      | Noticed a +1 trident of chaos
  9982 | D:9      | XOM: stat loss: -1 Str (30/31)
 10019 | D:9      | XOM: polymorph black bear -> human
 10066 | D:9      | Noticed Grum
 10082 | D:9      | Killed Grum
 10136 | D:9      | XOM: give mutations
 10136 | D:9      | Gained mutation: You are frail. (-10% HP) [Xom's mischief]
 10136 | D:9      | Gained mutation: You are weak. (Str -2) [Xom's mischief]
 10136 | D:9      | Gained mutation: Scrolls take you a little longer to read.
                  | [Xom's mischief]
 10136 | D:9      | Lost mutation: Your mind is acute. (Int +2) [Xom's
                  | mischief]
 10202 | D:9      | XOM: give mutations
 10202 | D:9      | Gained mutation: You are very weak. (Str -4) [Xom's
                  | mischief]
 10202 | D:9      | Lost mutation: Scrolls take you a little longer to read.
                  | [Xom's mischief]
 10202 | D:9      | Lost mutation: You are agile. (Dex +2) [Xom's mischief]
 10236 | D:9      | XOM: summons 3 hostile shadow creatures
 10394 | D:9      | XOM: scenery: create altars
 10443 | D:9      | XOM: god gift: brightly glowing hand crossbow {god gift}
 10448 | D:9      | Got a brightly glowing hand crossbow {god gift}
 10675 | D:9      | Found a staircase to the Lair.
 10783 | D:10     | Entered Level 10 of the Dungeon
 10793 | D:9      | XOM: cast spell 'Olgreb's Toxic Radiance'
 10802 | D:9      | XOM: snakes to sticks
 11004 | D:9      | Reached skill level 5 in Shields
 11169 | D:10     | Found a staircase to the Orcish Mines.
 11170 | D:10     | Identified the +0 hand crossbow of the King {chaos, MR+
                  | Dex+3} (Xom gifted it to you on level 9 of the Dungeon)
 11221 | D:10     | XOM: divination: magic mapping
 11247 | D:10     | XOM: confuse monster(s)
 11655 | D:10     | XOM: 1-stop teleportation journey
 11759 | D:11     | XOM: confuse monster(s)
 11760 | D:11     | XOM: enchant monster (bad)
 12135 | D:11     | Noticed a four-headed hydra
 12140 | D:11     | Killed a four-headed hydra
 12141 | D:11     | Reached XP level 11. HP: 90/90 MP: 11/11
 12161 | D:11     | XOM: 2-stop teleportation journey
 12281 | D:11     | Found a white marble altar of Elyvilon.
 12304 | D:11     | XOM: confuse monster(s)
 12305 | D:11     | Noticed Erolcha
 12306 | D:11     | XOM: summons friendly iron imp
 12315 | D:11     | Paralysed by Erolcha for 3 turns
 12352 | D:11     | Killed Erolcha
 12478 | D:11     | Noticed a deep elf mage
 12492 | D:11     | Killed a deep elf mage
 12508 | D:11     | Noticed a wizard
 12508 | D:11     | Noticed a wizard
 12511 | D:11     | Killed a wizard
 12512 | D:11     | Killed a wizard
 12517 | D:11     | Identified Qoraclum's Almanac of Evil Rites
 12519 | D:11     | Identified the Catalogue of Fanaticism
 12523 | D:11     | Learned a level 1 spell: Animate Skeleton
 12525 | D:11     | Learned a level 1 spell: Apportation
 12527 | D:11     | Learned a level 1 spell: Corona
 12530 | D:11     | Learned a level 2 spell: Passwall
 12534 | D:11     | Learned a level 3 spell: Dazzling Flash
 12579 | D:11     | XOM: cloud trail
 13008 | D:11     | XOM: butterfly on damage
 13145 | D:12     | Noticed a four-headed hydra
 13152 | D:12     | Killed a four-headed hydra
 13503 | D:12     | XOM: enchant monster (good)
 13515 | D:12     | Reached skill level 5 in Fighting
 13553 | D:12     | XOM: divine lightning
 13908 | D:12     | Noticed a tengu warrior
 13908 | D:12     | Noticed a tengu warrior
 13913 | D:12     | XOM: scenery: summon butterflies
 13923 | D:11     | XOM: potion effect (curing)
 13924 | D:11     | XOM: confuse monster(s)
 13938 | D:11     | Killed a tengu warrior
 13939 | D:11     | XOM: give mutations
 13939 | D:11     | Gained mutation: Potions are less effective at restoring
                  | your health. [Xom's mischief]
 13939 | D:11     | Gained mutation: You are very frail. (-20% HP) [Xom's
                  | mischief]
 13939 | D:11     | Lost mutation: Potions are less effective at restoring your
                  | health. [Xom's mischief]
 13939 | D:11     | Lost mutation: You are very frail. (-20% HP) [Xom's
                  | mischief]
 14284 | D:12     | XOM: chaos upgrade
 14288 | D:12     | XOM: enchant monster (bad)
 14291 | D:12     | XOM: swap monsters
 14293 | D:12     | XOM: fog
 14310 | D:12     | Killed a tengu warrior
 14555 | D:12     | XOM: give mutations
 14555 | D:12     | Lost mutation: You have an increased reservoir of magic.
                  | (+10% MP) [Xom's mischief]
 14555 | D:12     | Gained mutation: Scrolls take you a little longer to read.
                  | [Xom's mischief]
 14555 | D:12     | Gained mutation: You are dopey. (Int -2) [Xom's mischief]
 14562 | D:12     | XOM: divination: detect items
 14880 | D:12     | XOM: silly message
 14993 | Lair:1   | Entered Level 1 of the Lair of Beasts
 15186 | D:10     | XOM: summons 3 hostile demons
 15411 | Lair:1   | Reached XP level 12. HP: 98/103 MP: 11/11
 15473 | Lair:1   | Reached skill level 1 in Crossbows
 15519 | Lair:1   | XOM: 2-stop teleportation journey
 15645 | Lair:1   | XOM: 1-stop teleportation journey
 15698 | Lair:1   | Reached skill level 1 in Necromancy
 15705 | Lair:1   | Noticed a five-headed hydra
 15706 | Lair:1   | XOM: swap monsters
 15710 | Lair:1   | Killed a five-headed hydra
 15711 | Lair:1   | XOM: fog
 15714 | Lair:1   | XOM: silly message
 15716 | Lair:1   | XOM: chaos cloud
 15734 | Lair:1   | HP: 5/103 [something (9)]
 16292 | Lair:1   | XOM: give mutations
 16292 | Lair:1   | Lost mutation: Scrolls take you a little longer to read.
                  | [Xom's mischief]
 16292 | Lair:1   | Lost mutation: You are frail. (-10% HP) [Xom's mischief]
 16340 | Lair:1   | XOM: 1-stop teleportation journey
 16453 | Lair:1   | XOM: silly message
 16499 | Lair:1   | XOM: polymorph blink frog -> ice beast
 16505 | Lair:1   | XOM: summons 3 hostile shadow creatures
 16506 | Lair:1   | Noticed a six-headed hydra
 16508 | Lair:1   | Identified a scroll of acquirement
 16508 | Lair:1   | Acquired the ring "Xenivvu" {+Inv rElec AC+4}
 16510 | Lair:1   | XOM: chaos cloud
 16511 | Lair:1   | Slain by a six-headed hydra

Illustrated notes

Levels and vault maps discovered:
D:1:      minmay_arrival_checkered_box, layout_basic
D:2:      kennysheep_big_flooded_room, layout_basic,
          chequers_ecumenical_altar_simple_redux, chequers_serial_rivers_room_b,
          uniq_natasha, uniq_jessica
D:3:      layout_loops_ring, nemelex_xobeh_ov_fountains_minmay,
          kennysheep_big_empty_room, uniq_crazy_yiuf_cottage, uniq_purgy
D:4:      layout_basic, nicolae_gozag_cash_rules_everything_around_me,
          kennysheep_little_box, cheibrodos_sewer_entry_drain, serial_shops,
          nicolae_shop_crystal, uniq_pikel
D:5:      layout_loops_corners, nicolae_overflow_crystal_walls, st_stairs_10,
          uniq_grinder
D:6:      layout_rooms, nicolae_overflow_hidden_temple, temple_doors_e,
          basic_altar, serial_shops, shop, cheibriados_altar_1,
          uniq_prince_ribbit1, uniq_duvessa
D:7:      cheibrodos_shockbox, layout_basic, lemuel_round_altar,
          xom_shifter_show, serial_shops, shop_fountains, due_unseen_surprise
D:8:      layout_loops_corners, uniq_maurice
D:9:      kennysheep_spiral_hall, layout_basic, lair_entry_dummy,
          ebering_ghost_xom, uniq_grum
D:10:     layout_big_octagon, minmay_orc_entry_guard_dogs
D:11:     cheibrodos_lost_city_excavation, layout_irregular_city,
          lemuel_statue_altar, uniq_erolcha
D:12:     layout_long_grid
Lair:1:   layout_hall_layers

Skill      XL: |  1  2  3  4  5  6  7  8  9 10 11 12 |
---------------+-------------------------------------+-----
Dodging        | 2 3 |  3.7
Fighting       | 3 4 6 |  6.8
Unarmed Combat | 4 6 9 12 | 12.5
Evocations     | 2 3 |  3.8
Shields        | 7 9 |  9.6
Crossbows      | 2 |  2.9
Necromancy     | 3 |  3.6

Action                   |  1- 3 |  4- 6 |  7- 9 | 10-12 || total
-------------------------+-------+-------+-------+-------++-------
Melee: Unarmed           |    63 |   189 |   395 |   415 ||  1062
       Punch             |       |     3 |     6 |       ||     9
 Fire: Hand crossbow     |       |       |       |    49 ||    49
Throw: Dart              |    48 |    50 |   128 |    99 ||   325
       Javelin           |       |     2 |     8 |    68 ||    78
       Stone             |       |       |     4 |    20 ||    24
Evoke: Wand              |       |       |       |    24 ||    24
       Phantom mirror    |       |       |       |     2 ||     2
  Use: Scroll            |       |    10 |    14 |     9 ||    33
       Potion            |       |       |     2 |     8 ||    10
 Stab: Confused          |       |       |       |     1 ||     1
       Petrified         |       |       |       |     4 ||     4
       Petrifying        |       |       |       |     1 ||     1
       Paralysed         |       |       |       |     1 ||     1
Armor: Robe              |    23 |    74 |   126 |    63 ||   286
       Troll leather arm |       |       |       |   179 ||   179
       Skin              |       |       |       |     7 ||     7
Dodge: Dodged            |    33 |   102 |   112 |   192 ||   439
Block: Kite shield       |       |       |   102 |   247 ||   349

Table legend: (Time is in decaauts)
 A = Elapsed time spent in this place.
 B = Non-inter-level travel time spent in this place.
 C = Inter-level travel time spent in this place.
 D = Time resting spent in this place.
 E = Time spent auto-exploring this place.
 F = Levels seen in this place.
 G = Mean time per level.
                   A        B        C        D        E       F      G
               +--------+--------+--------+--------+--------+-----+--------+
         Total |  16569 |  15707 |    862 |   3565 |   8696 |  14 | 1183.5 |
       Dungeon |  14779 |  13919 |    860 |   3277 |   7568 |  12 | 1231.6 |
          Lair |   1156 |   1155 |      1 |    269 |    665 |   1 | 1156.0 |
         Sewer |    633 |    633 |      0 |     19 |    463 |   1 |  633.0 |
               +--------+--------+--------+--------+--------+-----+--------+

Top non-repeatable levels by time:
     D:7: 1803 daAuts
    D:11: 1765 daAuts
     D:9: 1679 daAuts
    D:12: 1493 daAuts
     D:8: 1390 daAuts
     D:2: 1379 daAuts
  Lair:1: 1156 daAuts
     D:4: 1143 daAuts
     D:3: 1052 daAuts
     D:5: 1005 daAuts
     D:6: 706 daAuts
     D:1: 697 daAuts
    D:10: 662 daAuts
   Sewer: 633 daAuts
